 Dungeon Crawl Stone Soup version 0.31-a0-795-g5eb97db20b (webtiles) character file.

Game seed: 9202106924021017099

83 cforsyth the Sneak (level 4, -6/37 HPs)
             Began as a Djinni Delver on Sept 18, 2023.
             Killed by divine providence
             ... invoked by an orc priest
              (8 damage)
             ... on level 4 of the Dungeon.
             The game lasted 00:01:23 (869 turns).

cforsyth the Sneak (Djinni Delver)                   Turns: 869, Time: 00:01:24

Health: -6/37      AC: 10    Str: 11    XL:     4   Next: 71%
Gold:   83         EV:  6    Int: 14    God:
                   SH:  0    Dex: 14

rFire   + + .        a - +0 falchion
rCold   x . .        (no shield)
rNeg    . . .        k - +2 chain mail {rPois}
rPois   ∞            (no helmet)
rElec   .            (no cloak)
rCorr   .            (no gloves)
SInv    .            (boots unavailable)
Will    .....        (no amulet) Stlth
                     (no ring)
HPRegen 0.26/turn    (no ring)
MPRegen 0.00/turn

%: infuse magic (-7 HP)
@: flying
A: sickness immunity, fire resistance 2, cold vulnerability 1, float, innate
caster, HP casting, extra vitality 1
a: no special abilities


You were on level 4 of the Dungeon.
You visited 1 branch of the dungeon, and saw 3 of its levels.

You collected 83 gold pieces.

Inventory:

Hand Weapons
 a - a +0 falchion (weapon)
Armour
 b - a +0 leather armour
 k - a +2 chain mail of poison resistance (worn)
Wands
 g - a wand of digging (3)
Scrolls
 c - 2 scrolls of fog
 d - a scroll of revelation
 e - a scroll of enchant armour
Potions
 f - a potion of haste
 h - a potion of degeneration {unknown}
 j - a potion of enlightenment
 m - a potion of curing {unknown}


   Skills:
 + Level 4.1 Fighting
 - Level 1.7 Long Blades
 - Level 2.1 Dodging
 - Level 4.1 Stealth
 + Level 1.8 Spellcasting
 + Level 1.8 Conjurations
 + Level 1.8 Hexes
   Level 0.0 Charms
 + Level 1.8 Summonings
 + Level 1.8 Necromancy
 + Level 1.8 Translocations
 + Level 1.8 Transmutations
 + Level 1.8 Fire Magic
 + Level 1.8 Ice Magic
 + Level 1.8 Air Magic
 + Level 1.8 Earth Magic
 + Level 1.8 Poison Magic


You knew the following spells:

 Your Spells              Type           Power      Damage    Failure   Level
a - Apportation           Tloc           12%        N/A       99%         1
Your spell library was empty.

Dungeon Overview and Level Annotations

Branches:
Dungeon (5/15)
 Temple: D:4-7

Altars:


Innate Abilities, Weirdness & Mutations

You are immune to sickness and miasma.
You are immune to poison.
Your flesh is very heat resistant. (rF++)
You are vulnerable to cold. (rC-)
You float through the air rather than walking.
You learn spells naturally, not from books.
Your magical power is your life essence.
You have superior vitality. (+4 MHP)


Message History

As you read the scroll labelled SOFIVE LIECKAI, it crumbles to dust.
You hear the flapping of tiny wings.
The orc priest is knocked back by the sudden gust.
The orc wizard is knocked back by the sudden gust.
The kobold is knocked back by the sudden gust.
The orc is knocked back by the sudden gust. x2
It was a scroll of butterflies.
The orc priest invokes the aid of Beogh against you.
Beogh smites you!
* * * LOW HITPOINT WARNING * * *
You swap places.
The orc closely misses your butterfly. x2
The kobold hits your butterfly with a +0 whip.
Your butterfly dies!
Your butterfly disappears in a burst of colours!
The orc priest hits your butterfly with a +0 mace.
Your butterfly dies!
Your butterfly disappears in a burst of colours!
The orc barely misses your butterfly.
The orc wizard casts a spell.
The orc wizard flickers and vanishes!
Deactivating autopickup; reactivate with Ctrl-A.
The orc priest barely misses your butterfly.
You swap places.
The orc barely misses your butterfly.
The orc hits your butterfly with a +0 dagger.
Your butterfly dies!
Your butterfly disappears in a burst of colours!
The kobold hits your butterfly with a +0 whip.
Your butterfly dies!
Your butterfly disappears in a burst of colours!
The orc barely misses your butterfly.
The orc hits your butterfly with a +0 dagger.
Your butterfly dies!
Your butterfly disappears in a burst of colours!
Something hits your butterfly.
Your butterfly dies!
Your butterfly disappears in a burst of colours!
The kobold closely misses your butterfly.
The orc priest calls down the wrath of Beogh upon you.
Beogh smites you!
You die...

#...).# #
###.>.################# ...
.##...##....#....##...##....
..#.........#...............
..#.........#.[.b...<.##.o
..#.........#>........##
..#.......†.#..........#
..'.........#..........#
.####.#####'##b.@##$..##
.#######....##b.b##...#
......................#
............bbb.b.....'
............b.bbb..b..#
...............bbb.bo.#
..........b.b.bbb..o..#
†...........b.{Kbobb..#
..................b...#


You could see an orc priest (ally target), 2 orcs and a kobold (ally target).

Vanquished Creatures
  A hound (D:4)
  An iguana (D:4)
  An adder (D:3)
  An orc (D:4)
  An endoplasm (D:3)
  A giant cockroach (D:3)
  A goblin (D:3)
  4 hobgoblins
  3 kobolds
  A quokka (D:4)
  2 ball pythons (D:3)
  A frilled lizard (D:3)
  A rat (D:3)
19 creatures vanquished.

Notes
Turn   | Place    | Note
-------+----------+-------------------------------------------
     0 | D:5      | cforsyth the Djinni Delver began the quest for the Orb.
     0 | D:5      | Reached XP level 1. HP: 20/20 MP: 0/0
    19 | D:4      | Noticed a hound
    22 | D:4      | Noticed an iguana
    32 | D:4      | Noticed an orc priest
    32 | D:4      | Noticed an orc wizard
    52 | D:3      | Reached XP level 2. HP: 8/25 MP: 0/0
   336 | D:3      | Reached skill level 1 in Spellcasting
   336 | D:3      | Reached skill level 1 in Conjurations
   336 | D:3      | Reached skill level 1 in Hexes
   336 | D:3      | Reached skill level 1 in Summonings
   336 | D:3      | Reached skill level 1 in Necromancy
   336 | D:3      | Reached skill level 1 in Translocations
   336 | D:3      | Reached skill level 1 in Transmutations
   336 | D:3      | Reached skill level 1 in Fire Magic
   336 | D:3      | Reached skill level 1 in Ice Magic
   336 | D:3      | Reached skill level 1 in Air Magic
   336 | D:3      | Reached skill level 1 in Earth Magic
   336 | D:3      | Reached skill level 1 in Poison Magic
   468 | D:3      | Reached XP level 3. HP: 27/30 MP: 0/0
   468 | D:3      | Learned a level 1 spell: Apportation
   675 | D:4      | Reached XP level 4. HP: 36/37 MP: 0/0
   864 | D:4      | HP: 1/37 [orc priest/divine providence (16)]
   869 | D:4      | Killed from afar by an orc priest

Illustrated notes

Levels and vault maps discovered:
D:3:      layout_basic, mainiacjoe_overflow_brackets, lemuel_round_altar
D:4:      layout_gridville, lemuel_doored_altar,
          minmay_temple_entry_stoned_glass, nicolae_specific_store, uniq_robin
D:5:      kennysheep_windowed_halls, layout_basic, mainiacjoe_overflow_catwalk,
          eat_drink_and_be_merry_uskayaw

Skill      XL: |  1  2  3  4 |
---------------+-------------+-----
Spellcasting   | 1 |  1.8
Conjurations   | 1 |  1.8
Hexes          | 1 |  1.8
Summonings     | 1 |  1.8
Necromancy     | 1 |  1.8
Translocations | 1 |  1.8
Transmutations | 1 |  1.8
Fire Magic     | 1 |  1.8
Ice Magic      | 1 |  1.8
Air Magic      | 1 |  1.8
Earth Magic    | 1 |  1.8
Poison Magic   | 1 |  1.8
Fighting       | 4 |  4.1
Long Blades    | |  1.7
Dodging        | |  2.1
Stealth        | |  4.1

Action                     |  1- 3 |  4- 6 || total
---------------------------+-------+-------++-------
  Melee: Falchion          |    58 |    14 ||    72
    Use: Scroll            |     1 |     3 ||     4
 Armour: Leather armour    |    27 |       ||    27
         Chain mail        |    30 |    18 ||    48
  Dodge: Dodged            |    53 |     3 ||    56

Table legend: (Time is in decaauts)
 A = Elapsed time spent in this place.
 B = Non-inter-level travel time spent in this place.
 C = Inter-level travel time spent in this place.
 D = Time resting spent in this place.
 E = Time spent auto-exploring this place.
 F = Levels seen in this place.
 G = Mean time per level.
                   A        B        C        D        E       F      G
               +--------+--------+--------+--------+--------+-----+--------+
         Total |    883 |    874 |      9 |    280 |    377 |   3 |  294.3 |
       Dungeon |    883 |    874 |      9 |    280 |    377 |   3 |  294.3 |
               +--------+--------+--------+--------+--------+-----+--------+

Top non-repeatable levels by time:
     D:3: 614 daAuts
     D:4: 256 daAuts
     D:5: 13 daAuts
